 Dungeon Crawl Stone Soup version 0.29-a0-214-g17f627cfee (webtiles) character file.

Game seed: 3357607590675715743

123 mcwallace the Chiller (level 5, -1/34 HPs)
             Began as an Octopode Ice Elementalist on Feb 25, 2022.
             Slain by a mummy (16 damage)
             ... in an ossuary.
             The game lasted 00:06:31 (3184 turns).

mcwallace the Chiller (Octopode Ice Elementalist)   Turns: 3184, Time: 00:06:31

Health: -1/34      AC:  1    Str:  7    XL:     5   Next: 7%
Magic:  7/9        EV: 13    Int: 20    God:
Gold:   100        SH:  0    Dex: 12    Spells: 2/9 levels left

rFire   + . .      SeeInvis .   h - +3 hunting sling (vorpal) {sling}
rCold   . . .      Faith    .   (no shield)
rNeg    . . .      Spirit   .   (helmet restricted)
rPois   .          Reflect  .   r - amulet of regeneration {@e2}
rElec   .          Harm     .   y - ring of protection from fire
rCorr   .          Rampage  .   (no ring)
Will    .....                   (no ring)
Stlth   +++.......              (no ring)
HPRegen 0.91/turn               (no ring)
MPRegen 0.11/turn               (no ring)
                                (no ring)
                                (no ring)

@: no status effects
A: almost no armour, amphibious, 8 rings, camouflage 1, gelatinous body 1,
(nimble swimmer 1), tentacles
a: no special abilities


You were in an ossuary.
You visited 1 branch of the dungeon, and saw 4 of its levels.
You also visited: Ossuary.

You collected 100 gold pieces.


Innate Abilities, Weirdness & Mutations

You cannot wear most types of armour.
You are amphibious.
You can wear up to eight rings at the same time.
Your skin changes colour to match your surroundings (Stealth+).
Your rubbery body absorbs attacks. (AC +1, EV +1)
((You are camouflaged when in or above water. (Stealth+)))
You have tentacles for arms and can constrict up to eight enemies at once.


   Skills:
 + Level 1.7 Fighting
 + Level 2.8 Dodging
 + Level 4.1 Stealth
 + Level 2.6 Spellcasting
 + Level 4.5 Ice Magic


You had 2 spell levels left.
You knew the following spells:

 Your Spells              Type           Power      Damage    Failure   Level
a - Freeze                Ice            80%        1d9       2%          1
b - Frozen Ramparts       Ice            40%        1d6       7%          3
c - Ozocubu's Armour      Ice            20%        N/A       7%          3

Your spell library contained the following spells:

 Spells                   Type           Power      Damage    Failure   Level
 Hailstorm                Conj/Ice       11%        3d5       52%         4

Inventory:

Hand Weapons
 b - a +0 club {mace}
   (You took it off a kobold on level 1 of the Dungeon)
 c - a +0 club {mace}
   (You took it off a goblin on level 1 of the Dungeon)
 d - a +0 club {mace}
   (You took it off a goblin on level 1 of the Dungeon)
 f - a +0 short sword {short}
   (You found it on level 1 of the Dungeon)
 h - a +3 vorpal hunting sling (weapon) {sling}
   (You found it on level 1 of the Dungeon)
 k - a +0 vampiric dagger {short}
   (You took it off a goblin on level 2 of the Dungeon)
Missiles
 i - 5 poisoned darts {throwing}
 j - 142 stones {throwing}
Jewellery
 p - a ring of fire
   (You found it on level 2 of the Dungeon)
 r - an amulet of regeneration (around mantle) {@e2}
   (You found it on level 2 of the Dungeon)
 y - a ring of protection from fire (left tentacle)
   (You found it on level 3 of the Dungeon)
Wands
 s - a wand of acid (10)
   (You found it on level 2 of the Dungeon)
Scrolls
 e - a scroll of holy word {unknown}
 l - a scroll of blinking {unknown}
 m - 2 scrolls of enchant armour {unknown}
 q - a scroll of identify {unknown}
 u - a scroll of fear {unknown}
 w - a scroll of teleportation {unknown}
 x - a scroll of acquirement {unknown}
 z - a scroll of magic mapping {unknown}
 A - 2 scrolls of fog {unknown}
Potions
 g - a potion of ambrosia {unknown}
 n - a potion of might {unknown}
 o - a potion of invisibility {unknown}
 t - a potion of haste {unknown}
 v - a potion of magic {unknown}

Dungeon Overview and Level Annotations

Branches:
Dungeon (4/15)            Ossuary (1/1)
 Temple: D:4-7

Altars:

Annotations:
D:2 1 runed translucent door, Crazy Yiuf, Sigmund

.........Z
.........
.......#
......#
#....#
#....#
#MM..#
#@...#
#....#
#....#
#....#
#....#
#.∩∩.#
######


You could see 2 mummies and a hobgoblin zombie (dormant).


Message History

Casting: Frozen Ramparts (dangerous; 7% risk of failure)
Confirm with . or Enter, or press ? or * to list all spells.
Casting: Frozen Ramparts (dangerous; 7% risk of failure)
Press: ? - help, Dir - look around, f - activate The walls around you are covered in ice. 😎 MP[-3]
You lost 3 mp, and now have 2/8 mp.
You shoot a sling bullet. The sling bullet hits the gnoll zombie.
The gnoll zombie completely resists.
The wall freezes the gnoll zombie but does no damage.
You shoot a sling bullet.
The sling bullet barely misses the gnoll zombie.
The gnoll zombie resists.
The wall freezes the gnoll zombie.
You shoot a sling bullet. The sling bullet hits the gnoll zombie.
The gnoll zombie resists.
The wall freezes the gnoll zombie.
The gnoll zombie barely misses you.
The gnoll zombie resists.
The wall freezes the gnoll zombie.
The gnoll zombie closely misses you.
You shoot a sling bullet. The sling bullet hits the gnoll zombie.
The gnoll zombie completely resists.
The wall freezes the gnoll zombie but does no damage.
The gnoll zombie hits you.
Your magical contamination has completely faded away. 😕 HP[-3]
You take 3 damage, and now have 31/34 hp.
You shoot a sling bullet. The sling bullet hits the gnoll zombie!
You destroy the gnoll zombie!
The frozen ramparts melt away. 😕 HP[+1] MP[+1]
You shoot a sling bullet.
The sling bullet hits the gnoll zombie. 😎 HP[+2]
Your hp is fully restored (34).
You shoot a sling bullet.
The sling bullet barely misses the gnoll zombie.
The sling bullet hits the kobold zombie.
You destroy the kobold zombie!
You shoot a sling bullet.
The sling bullet hits the gnoll zombie but does no damage.
You shoot a sling bullet.
The sling bullet barely misses the gnoll zombie.
The gnoll zombie barely misses you.
You shoot a sling bullet. The sling bullet hits the gnoll zombie!
You destroy the gnoll zombie!
You start resting. 😎 MP[+6]
Your mp is fully restored (9). 2 mummies and a hobgoblin zombie come into view.
As you read the scroll labelled ZEYQOT CEZOPP, it crumbles to dust.
It is a scroll of enchant weapon.
Your +1 vorpal hunting sling {sling} glows red for a moment.
As you read the scroll of enchant weapon, it crumbles to dust.
Your +2 vorpal hunting sling {sling} glows red for a moment.
Casting: Frozen Ramparts (dangerous; 7% risk of failure)
Confirm with . or Enter, or press ? or * to list all spells.
Casting: Frozen Ramparts (dangerous; 7% risk of failure)
Press: ? - help, Dir - look around, f - activate The walls around you are covered in ice. 😎 MP[-3]
You lost 3 mp, and now have 6/9 mp.
Fire: h) +3 hunting sling (vorpal) {sling}
Press: ? - help, Q - select action, (/) - cycle Shift-Dir - straight line, f - mummy
Aim: a mummy (73% to hit)
You shoot a sling bullet. The sling bullet hits the mummy!
Fire: h) +3 hunting sling (vorpal) {sling}
Press: ? - help, Q - select action, (/) - cycle Shift-Dir - straight line, f/p - mummy
Aim: a mummy (heavily damaged, 73% to hit)
You shoot a sling bullet. The sling bullet hits the mummy.
Fire: h) +3 hunting sling (vorpal) {sling}
Press: ? - help, Q - select action, (/) - cycle Shift-Dir - straight line, f/p - mummy
Aim: a mummy (severely damaged, 73% to hit)
You shoot a sling bullet. The sling bullet hits the mummy.
Fire: h) +3 hunting sling (vorpal) {sling}
Press: ? - help, Q - select action, (/) - cycle Shift-Dir - straight line, f/p - mummy
Aim: a mummy (heavily damaged, 73% to hit)
You shoot a sling bullet.
The sling bullet barely misses the mummy.
Fire: h) +3 hunting sling (vorpal) {sling}
Press: ? - help, Q - select action, (/) - cycle Shift-Dir - straight line, f/p - mummy
Aim: a mummy (heavily damaged, 73% to hit)
You shoot a sling bullet.
The sling bullet hits the mummy but does no damage.
The frozen ramparts melt away.
Fire: h) +3 hunting sling (vorpal) {sling}
Press: ? - help, Q - select action, (/) - cycle Shift-Dir - straight line, f/p - mummy
Aim: a mummy (heavily damaged, 73% to hit)
You shoot a sling bullet.
The sling bullet hits the mummy. 😎 MP[+1] Fire: h) +3 hunting sling (vorpal) {sling}
Press: ? - help, Q - select action, (/) - cycle Shift-Dir - straight line, f/p - mummy
Aim: a mummy (heavily damaged, 73% to hit)
You shoot a sling bullet. The sling bullet hits the mummy.
The mummy barely misses you.
Fire: h) +3 hunting sling (vorpal) {sling}
Press: ? - help, Q - select action, (/) - cycle Shift-Dir - straight line, f/p - mummy
Aim: a mummy (heavily damaged, 73% to hit)
You shoot a sling bullet. The sling bullet hits the mummy.
The mummy hits you!!
Ouch! That really hurt!
* * * LOW HITPOINT WARNING * * *
The mummy hits you!
You die...

Skill      XL: |  1  2  3  4 |
---------------+-------------+-----
Stealth        | 3 4 |  4.1
Fighting       | 1 |  1.7
Dodging        | |  2.8
Spellcasting   | |  2.6
Ice Magic      | |  4.5

Action                   |  1- 3 |  4- 6 || total
-------------------------+-------+-------++-------
Melee: Unarmed           |     9 |       ||     9
       Tentacles         |     9 |       ||     9
       Constrict         |     9 |       ||     9
       Short sword       |     3 |       ||     3
       Dagger            |    23 |       ||    23
 Fire: Hunting sling     |     9 |    79 ||    88
Throw: Dart              |     4 |       ||     4
 Cast: Freeze            |    24 |       ||    24
       Frozen Ramparts   |     3 |     5 ||     8
       Ozocubu's Armour  |       |     1 ||     1
  Use: Scroll            |       |     2 ||     2
 Stab: Sleeping          |     7 |       ||     7
Armor: Skin              |     4 |     3 ||     7
Dodge: Dodged            |    34 |    18 ||    52

Levels and vault maps discovered:
D:1:      roderic_chinese_lattice_arrival, layout_basic, serial_forest,
          infiniplex_forest_lined_4_way, infiniplex_forest_lined_2,
          infiniplex_forest_clump_diagonal, infiniplex_forest_corner_1,
          infiniplex_forest_clump_curved, infiniplex_forest_end_2,
          infiniplex_forest_clump_diagonal, nicolae_ecumenical_lake_church
D:2:      layout_basic, minmay_stone_trees_small, uniq_crazy_yiuf_cottage,
          uniq_terence, uniq_sigmund
D:3:      layout_basic
D:4:      layout_gridville, gammafunk_ghost_grave, serial_shops,
          nicolae_stop_n_shop_2, enter_ossuary_5
Ossuary:  ossuary_tomb_3

Notes
Turn   | Place    | Note
-------+----------+-------------------------------------------
     0 | D:1      | mcwallace the Octopode Ice Elementalist began the quest for
                  | the Orb.
     0 | D:1      | Reached XP level 1. HP: 11/11 MP: 3/3
     0 | D:1      | magus.rc [v1.9.6]
   124 | D:1      | Reached XP level 2. HP: 18/18 MP: 1/5
   180 | D:1      | Reached skill level 3 in Stealth
   956 | D:1      | Reached XP level 3. HP: 22/22 MP: 3/6
  1104 | D:1      | Found a faded altar of an unknown god.
  1169 | D:2      | Reached skill level 1 in Fighting
  1217 | D:2      | Learned a level 3 spell: Frozen Ramparts
  1338 | D:2      | Noticed Terence
  1355 | D:2      | HP: 5/23 [Terence/+0 flail (7)]
  1825 | D:2      | Killed Terence
  1826 | D:2      | Reached XP level 4. HP: 28/28 MP: 3/7
  1947 | D:2      | You pick up a book of Frost and begin reading...
  2088 | D:2      | Noticed Sigmund
  2107 | D:2      | Found a runed translucent door.
  2108 | D:2      | Noticed Crazy Yiuf
  2321 | D:2      | Learned a level 3 spell: Ozocubu's Armour
  2816 | D:3      | Reached skill level 4 in Stealth
  2863 | D:3      | Reached XP level 5. HP: 26/34 MP: 4/8
  3065 | D:4      | Found a sand-covered staircase.
  3069 | Ossuary  | Entered an ossuary
  3184 | Ossuary  | Slain by a mummy

Vanquished Creatures
  Terence (D:2)
  3 adders
  2 dart slugs
  4 ball pythons
  5 endoplasms
  4 giant cockroaches
  6 goblins
  4 hobgoblins
  5 jackals (D:2)
  5 quokkas
  8 bats
  2 frilled lizards
  3 gnoll zombies (Ossuary)
  2 hobgoblin zombies (Ossuary)
  5 kobolds
  A kobold zombie (Ossuary)
  5 rats
65 creatures vanquished.

Table legend:
 A = Non-vault XP
 B = Vault XP
 C = Vault XP percentage of total XP
 D = Non-vault monster count
 E = Vault monster count
 F = Vault count percentage of total count
                 A         B        C        D         E       F
            +---------+---------+-------+---------+---------+-------
      Total |     138 |      39 |  22.0 |      58 |       7 |  10.8
            +---------+---------+-------+---------+---------+-------
        D:1 |      35 |       0 |   0.0 |      19 |       0 |   0.0
        D:2 |      47 |      32 |  40.5 |      21 |       1 |   4.5
        D:3 |      56 |       0 |   0.0 |      18 |       0 |   0.0
    Ossuary |       0 |       7 | 100.0 |       0 |       6 | 100.0
            +---------+---------+-------+---------+---------+-------

Illustrated notes

Table legend:
 A = Kills in this place as a percentage of kills in entire the game.
 B = Kills by you in this place as a percentage of kills by you in the entire game.
 C = Kills by friends in this place as a percentage of kills by friends in the entire game.
 D = Other kills in this place as a percentage of other kills in the entire game.
 E = Experience gained in this place as a percentage of experience gained in the entire game.
 F = Experience gained in this place divided by the number of levels of this place that you have seen.
                   A       B       C       D       E      F
               +-------+-------+-------+-------+-------+----------------------
         Total | 100.0 | 100.0 |   N/A |   N/A | 100.0 |  35.4
       Dungeon |  90.8 |  90.8 |   N/A |   N/A |  96.0 |  42.5
       Ossuary |   9.2 |   9.2 |   N/A |   N/A |   4.0 |   7.0
               +-------+-------+-------+-------+-------+----------------------

Table legend: (Time is in decaauts)
 A = Elapsed time spent in this place.
 B = Non-inter-level travel time spent in this place.
 C = Inter-level travel time spent in this place.
 D = Time resting spent in this place.
 E = Time spent auto-exploring this place.
 F = Levels seen in this place.
 G = Mean time per level.
                   A        B        C        D        E       F      G
               +--------+--------+--------+--------+--------+-----+--------+
         Total |   3226 |   3083 |    143 |    368 |   2144 |   5 |  645.2 |
       Dungeon |   3099 |   2956 |    143 |    299 |   2144 |   4 |  774.8 |
       Ossuary |    126 |    126 |      0 |     69 |      0 |   1 |  126.0 |
               +--------+--------+--------+--------+--------+-----+--------+

Top non-repeatable levels by time:
     D:1: 1398 daAuts
     D:2: 967 daAuts
     D:3: 721 daAuts
 Ossuary: 126 daAuts
     D:4: 11 daAuts
